 Dungeon Crawl Stone Soup version 0.28.0-43-g3370ac3207 (webtiles) character file.

Game seed: 15199229163081916735

626 nickcage the Firebug (level 7, 0/35 (36) HPs)
             Began as a Deep Elf Fire Elementalist on Mar 14, 2022.
             Slain by a wight
             ... wielding a +5 mace
              (13 damage)
             ... on level 5 of the Dungeon.
             The game lasted 00:10:25 (4605 turns).

nickcage the Firebug (Deep Elf Fire Elementalist)   Turns: 4605, Time: 00:10:26

HP:   0/35 (36)     AC:  4    Str:  5    XL:     7   Next: 23%
MP:   7/18          EV: 13    Int: 22    God:
Gold: 148           SH:  0    Dex: 21    Spells: 8/18 levels left

rFire   + . .      SeeInvis .   q - staff of fire
rCold   . . .      Faith    .   (no shield)
rNeg    . . .      Spirit   .   a - +0 robe
rPois   .          Reflect  .   (no helmet)
rElec   .          Harm     .   g - +0 cloak
rCorr   .          Rampage  .   (no gloves)
Will    .....                   e - +0 pair of boots
Stlth   ++........              (no amulet)
HPRegen 0.11/turn               c - +6 ring of dexterity
MPRegen 0.16/turn               (no ring)

@: lightly drained
A: no striking features
a: no special abilities


You were on level 5 of the Dungeon.
You visited 1 branch of the dungeon, and saw 5 of its levels.

You collected 148 gold pieces.

Inventory:

Hand Weapons
 b - a +0 rapier
 i - a +1 war axe of electrocution
 s - the +6 spear of Huumm {antimagic, Fly Str+3 Dex+3 SInv}
   (You found it on level 4 of the Dungeon)

   It reduces the magical energy of the wielder, and disrupts the spells and
   magical abilities of those it strikes.
   Natural abilities and divine invocations are not affected.
   Str:       It affects your strength (+3).
   Dex:       It affects your dexterity (+3).
   SInv:      It lets you see invisible.
   Fly:       It grants you flight.
Missiles
 m - 10 poisoned darts
Armour
 a - a +0 robe (worn)
 e - a +0 pair of boots (worn)
 g - a +0 cloak (worn)
Magical Staves
 q - a staff of fire (weapon)
Jewellery
 c - a +6 ring of dexterity (left hand)
Wands
 k - a wand of polymorph (5)
Scrolls
 j - a scroll of fear
 p - 3 scrolls of teleportation
Potions
 d - a potion of berserk rage
 f - a potion of invisibility
 h - a potion of heal wounds
 l - a potion of might {unknown}
 n - a potion of curing {unknown}
 o - a potion of magic {unknown}
 r - a potion of haste {unknown}
 w - a potion of flight {unknown}


   Skills:
 - Level 0.6 Short Blades
 - Level 2.4 Dodging
 - Level 2.4 Stealth
 + Level 6.4 Spellcasting
 + Level 1.1 Conjurations
 + Level 7.8 Fire Magic


You had 8 spell levels left.
You knew the following spells:

 Your Spells              Type           Power      Damage    Failure   Level
a - Foxfire               Conj/Fire      100%       2x1d9     1%          1
b - Scorch                Fire           100%       2d10      1%          2
c - Conjure Flame         Conj/Fire      40%        6-21      4%          3
d - Flame Wave            Conj/Fire      40%        2d9       14%         4

Your spell library contained the following spells:

 Spells                   Type           Power      Damage    Failure   Level
 Inner Flame              Hex/Fire       36%        N/A       5%          3
 Static Discharge         Conj/Air       9%         N/A       11%         2
 Gell's Gravitas          Tloc           7%         N/A       26%         3
 Teleport Other           Tloc           7%         N/A       26%         3
 Lightning Bolt           Conj/Air       4%         1d16      89%         5
 Dispersal                Tloc           3%         N/A       100%        6
 Maxwell's Capacitive Co  Air            3%         ∞         100%        8


Dungeon Overview and Level Annotations

Branches:
Dungeon (5/15)
 Temple: D:4-7

Altars:
Ashenzari


Message History

As you read the scroll labelled QAD CULUZOLLU, it crumbles to dust.
Your body is wracked with pain!
It was a scroll of torment.
As you read the scroll labelled EFFARA JOTANOE, it crumbles to dust.
The scroll dissolves into smoke.
It was a scroll of fog.
As you read the scroll of identify, it crumbles to dust.
h - a potion of heal wounds Done exploring.
Okay, then.
(D) Dungeon
Where to? (? - help)
There is a stone staircase leading down here.
You climb downwards.
There is a stone staircase leading up here. 3 wights come into view.
A wight is wielding a +5 short sword and wearing a +2 robe of cold resistance.
A wight comes into view. It is wielding a +0 great sword.
You feel a surge of power!
Flames lash the wight.
The wight is heavily damaged.
The wight's fire resistance burns away.
The wight hits you but does no damage.
You feel a surge of power!
Flames lash the wight.
The wight is moderately damaged.
The wight's fire resistance burns away.
The wight hits you with a +5 mace!
You feel a surge of power!
Flames lash the wight.
The wight is almost destroyed.
The wight's fire resistance burns away.
The wight closely misses you.
You feel a surge of power!
Flames lash the wight.
You destroy the wight!
The wight barely misses you.
You feel a surge of power!
Flames lash the wight.
The wight is burned terribly!
The wight is almost destroyed.
The wight hits you with a +5 mace!
You feel drained.
You are too injured to fight recklessly!
Casting: Scorch (safe; 1% risk of failure)
Press: ? - help, Q - select action, (/) - cycle Dir - look around, f - activate You feel a surge of power!
Flames lash the wight.
The wight is heavily damaged.
The wight's fire resistance burns away.
The wight is no longer more vulnerable to fire.
The wight hits you with a +5 mace!
You die...

#.# #.#
#.# #.#
#.# #.#
#.# #z#
#.# #z#
#.# #z#
#.#
#@###.####
#........#
#.....#.##
#.....#.#
#.....#.#
#.#####.#
#......<#
#########


You could see 3 wights.

Vanquished Creatures
  2 black bears (D:4)
  A centaur (D:4)
  Blork the orc (D:4)
  A scorpion (D:4)
  A wight (D:5)
  2 hounds
  An orc priest (D:3)
  An iguana (D:4)
  3 adders
  An adder skeleton (D:4)
  A dart slug (D:4)
  2 orcs (D:3)
  4 bats (D:2)
  6 endoplasms
  A giant cockroach (D:2)
  6 goblins
  8 hobgoblins
  13 jackals
  3 kobolds
  A quokka (D:4)
  4 ball pythons
  2 frilled lizards (D:1)
  5 rats
70 creatures vanquished.

Vanquished Creatures (others)
  13 foxfires
13 creatures vanquished.

Grand Total: 83 creatures vanquished

Notes
Turn   | Place    | Note
-------+----------+-------------------------------------------
     0 | D:1      | nickcage the Deep Elf Fire Elementalist began the quest for
                  | the Orb.
     0 | D:1      | Reached XP level 1. HP: 10/10 MP: 6/6
   432 | D:1      | Found a faded altar of an unknown god.
   950 | D:1      | Reached XP level 2. HP: 15/15 MP: 6/8
   953 | D:1      | Learned a level 2 spell: Scorch
  1183 | D:2      | Reached skill level 4 in Fire Magic
  1531 | D:2      | Reached XP level 3. HP: 19/19 MP: 1/9
  1708 | D:2      | Reached skill level 5 in Fire Magic
  1717 | D:2      | Learned a level 3 spell: Conjure Flame
  2123 | D:3      | Reached XP level 4. HP: 21/24 MP: 1/10
  2515 | D:3      | HP: 1/24 [orc priest/nerve-wracking pain (14)]
  2517 | D:3      | Reached XP level 5. HP: 2/28 MP: 1/12
  2960 | D:3      | Reached skill level 6 in Fire Magic
  3267 | D:4      | Learned a level 4 spell: Flame Wave
  3307 | D:4      | Noticed a black bear
  3317 | D:4      | Killed a black bear
  3318 | D:4      | Reached XP level 6. HP: 29/32 MP: 7/15
  3386 | D:4      | Found a broken altar of Ashenzari.
  3392 | D:4      | Reached skill level 5 in Spellcasting
  3392 | D:4      | Reached skill level 7 in Fire Magic
  3483 | D:4      | Identified the +6 spear of Huumm {antimagic, Fly Str+3
                  | Dex+3 SInv}
  3869 | D:4      | Noticed Blork the orc
  3875 | D:4      | Killed Blork the orc
  3876 | D:4      | Reached XP level 7. HP: 30/36 MP: 10/18
  4588 | D:5      | Entered Level 5 of the Dungeon
  4605 | D:5      | Slain by a wight

Illustrated notes

Levels and vault maps discovered:
D:1:      lemuel_arrival_broad_hall, layout_loops_corners,
          basic_ecumenical_altar
D:2:      layout_rooms, mrwooster_statue_mirror
D:3:      layout_basic
D:4:      minmay_wonky_spiral, layout_basic,
          mainiacjoe_overflow_small_starburst, uniq_blork_the_orc
D:5:      layout_basic, minmay_temple_entry_drinking_statues, serial_shops,
          shop, uniq_eustachio, uniq_duvessa

Skill      XL: |  1  2  3  4  5  6 |
---------------+-------------------+-----
Fire Magic     | 4 5 6 7 |  7.8
Spellcasting   | 4 6 |  6.4
Short Blades   | |  0.6
Dodging        | |  2.4
Stealth        | |  2.4
Conjurations   | |  1.1

Action                   |  1- 3 |  4- 6 |  7- 9 || total
-------------------------+-------+-------+-------++-------
Melee: Rapier            |    15 |       |       ||    15
       Punch             |     2 |       |       ||     2
       War axe           |    26 |    11 |       ||    37
       Staff             |       |       |     3 ||     3
 Cast: Foxfire           |     8 |       |       ||     8
       Scorch            |    23 |    33 |    15 ||    71
  Use: Scroll            |     4 |       |     4 ||     8
 Stab: Sleeping          |     7 |     1 |       ||     8
Armor: Robe              |    17 |     4 |     1 ||    22
Dodge: Dodged            |    32 |    20 |     8 ||    60
